 Dungeon Crawl Stone Soup version 0.30-a0-867-g305f33218d (webtiles) character file.

Game seed: 11867408935989447020

1084 Grim the Spear-Bearer (level 8, 93/96 HPs)
             Began as a Minotaur Berserker on Mar 10, 2023.
             Was a Priest of Trog.
             Quit the game on level 5 of the Dungeon.
             The game lasted 00:07:07 (3830 turns).

Grim the Spear-Bearer (Minotaur Berserker)          Turns: 3830, Time: 00:07:07

Health: 93/96      AC:  4    Str: 22    XL:     8   Next: 8%
Magic:  7/7        EV: 12    Int:  4    God:    Trog [***...]
Gold:   201        SH:  5    Dex: 12    Spells: 7/7 levels left

rFire   . . .      SeeInvis .    a - +0 spear
rCold   . . .      Faith    .    (no shield)
rNeg    . . .      Spirit   .    e - +0 leather armour
rPois   +          Reflect  +    (helmet restricted)
rElec   .          Rampage  .    x - +0 cloak
rCorr   .                        (no gloves)
Will    .....                    (no boots) Stlth
                                 k - amulet of reflection
HPRegen 0.36/turn                i - ring of poison resistance
MPRegen 0.10/turn                (no ring)

@: berserking, very quick
A: horns 2, retaliatory headbutt
a: Renounce Religion, Berserk, Trog's Hand


You were on level 5 of the Dungeon.
You worshipped Trog.
Trog was most pleased with you.
You visited 1 branch of the dungeon, and saw 5 of its levels.

You collected 201 gold pieces.

Inventory:

Hand Weapons
 a - a +0 spear (weapon)
 b - a +0 sling
Missiles
 l - 5 boomerangs (quivered)
Armour
 e - a +0 leather armour (worn)
 n - a +0 animal skin
 x - a +0 cloak (worn)
Jewellery
 i - a ring of poison resistance (left hand)
 k - an amulet of reflection (around neck)
 p - an amulet of regeneration
 A - a ring of fire
Wands
 t - a wand of polymorph (21)
Scrolls
 g - 7 scrolls of identify {unknown}
 h - a scroll of poison {unknown}
 j - a scroll of vulnerability {unknown}
 m - a scroll of amnesia {unknown}
 o - 3 scrolls of teleportation {unknown}
 s - a scroll of enchant armour {unknown}
 u - a scroll of enchant weapon {unknown}
 v - a scroll of magic mapping {unknown}
 w - 2 scrolls of brand weapon {unknown}
 y - a scroll of immolation {unknown}
 B - a scroll of fear {unknown}
 C - 2 scrolls of fog {unknown}
Potions
 c - 2 potions of flight {unknown}
 d - 2 potions of curing {unknown}
 f - a potion of heal wounds {unknown}
 q - a potion of attraction {unknown}
 r - a potion of degeneration {unknown}
 z - a potion of brilliance {unknown}
 D - a potion of might {unknown}
 E - a potion of resistance {unknown}


   Skills:
 - Level 3.6 Fighting
 + Level 10.0 Polearms
 - Level 5.7 Ranged Weapons
 - Level 2.4 Armour
 - Level 2.1 Dodging


You had 7 spell levels left.
You didn't know any spells.
Your spell library was empty.

Dungeon Overview and Level Annotations

Branches:
Dungeon (5/15)
 Temple: D:4-7

Altars:


Innate Abilities, Weirdness & Mutations

You have a pair of horns on your head.
You reflexively headbutt those who attack you in melee.


Message History

The adder is lightly wounded.
You puncture the adder!
The adder is almost dead.
You block the adder's attack.
You hit the adder. Your headbutt misses the adder.
The adder is almost dead.
You puncture the adder!
You kill the adder!
Trog accepts your kill.
Found a whip.
Found a dagger.
E - a bubbling coppery potion A hornet comes into view.
Found a ring mail.
Found a stone staircase leading down.
The hornet buzzes angrily.
A hornet is nearby!
The hornet barely misses you.
A red film seems to cover your vision as you go berserk!
You feel yourself moving faster!
You feel mighty! The hornet misses you.
You barely miss the hornet. You block the hornet's attack.
You closely miss the hornet. The hornet closely misses you.
You completely miss the hornet. Your headbutt misses the hornet.
The hornet barely misses you.
You closely miss the hornet. You punch the hornet, but do no damage.
You closely miss the hornet. The hornet stings you.
You barely miss the hornet. You puncture the hornet!
The hornet is moderately wounded.
The hornet closely misses you.
You hit the hornet. You headbutt the hornet.
The hornet is heavily wounded.
The hornet misses you.
You hit the hornet. You punch the hornet!
You kill the hornet!
Trog accepts your kill.
Your Polearms skill increases to level 10!
You have reached level 8!
You feel agile.
Unknown command.
Are you sure you want to abandon this character and quit the game? (Confirm with "yes".)

.##.. #. ### .# #. ..
..# .# ..#.. ..# .###
... ..### ...# ...
....# ...# #.# ....#
...# #.# [...#
...##########.###†...#
...##...........@..#
......#.........##.#
##....#......##.$..#
#....#......####..#
#....#......# ..#
#....#......# .#
#....######## .#
####.# > #.# ##


There were no monsters in sight!

Vanquished Creatures
  A hornet (D:5)
  2 ice beasts
  2 wyvern skeletons (D:3)
  The ghost of What the Ruffian, a weakling VSTm (D:3)
  A bullfrog zombie (D:3)
  A hound (D:4)
  Crazy Yiuf (D:3)
  2 orc priests (D:4)
  Ijyb (D:3)
  8 orc wizards
  Robin (D:2)
  4 gnolls (D:3)
  4 adders
  2 worms (D:3)
  2 dart slugs
  12 orcs
  13 ball pythons
  2 endoplasms (D:1)
  4 giant cockroaches
  13 goblins
  6 hobgoblins
  3 jackals (D:5)
  4 quokkas
  7 bats
  A frilled lizard (D:3)
  9 kobolds
  5 rats
112 creatures vanquished.

Vanquished Creatures (others)
  An orc (D:5)
1 creature vanquished.

Grand Total: 113 creatures vanquished

Notes
Turn   | Place    | Note
-------+----------+-------------------------------------------
     0 | D:1      | Grim the Minotaur Berserker began the quest for the Orb.
     0 | D:1      | Reached XP level 1. HP: 19/19 MP: 0/0
    35 | D:1      | Reached skill level 4 in Polearms
   168 | D:1      | Reached XP level 2. HP: 26/26 MP: 1/1
   681 | D:2      | Reached skill level 5 in Polearms
   700 | D:2      | Reached XP level 3. HP: 28/31 MP: 2/2
   778 | D:2      | Reached ** piety under Trog
  1032 | D:2      | Noticed Robin
  1035 | D:2      | Reached XP level 4. HP: 37/39 MP: 3/3
  1040 | D:2      | Reached skill level 6 in Polearms
  1047 | D:2      | Killed Robin
  1645 | D:3      | Noticed Ijyb
  1662 | D:3      | Killed Ijyb
  1663 | D:3      | Reached skill level 1 in Ranged Weapons
  1862 | D:3      | Reached XP level 5. HP: 44/45 MP: 4/4
  2058 | D:3      | Reached *** piety under Trog
  2085 | D:3      | Found a transporter.
  2109 | D:3      | Found a transporter.
  2112 | D:3      | Noticed What's ghost (weakling VSTm)
  2211 | D:3      | Found a faded altar of an unknown god.
  2248 | D:3      | Found a runed translucent door.
  2249 | D:3      | Noticed Crazy Yiuf
  2257 | D:3      | Killed Crazy Yiuf
  2258 | D:3      | Reached skill level 7 in Polearms
  2445 | D:3      | Reached XP level 6. HP: 51/51 MP: 5/5
  2455 | D:3      | Killed What's ghost
  2562 | D:4      | Noticed an ice beast
  2570 | D:4      | Killed an ice beast
  2571 | D:4      | Reached skill level 8 in Polearms
  2613 | D:4      | Identified the +0 leather armour of Tartarus {rF+++ Will+
                  | Dex-5}
  2628 | D:4      | Reached XP level 7. HP: 57/57 MP: 6/6
  3157 | D:4      | Reached skill level 5 in Ranged Weapons
  3230 | D:5      | Entered Level 5 of the Dungeon
  3471 | D:5      | Reached skill level 9 in Polearms
  3818 | D:5      | Noticed a hornet
  3829 | D:5      | Killed a hornet
  3830 | D:5      | Reached skill level 10 in Polearms
  3830 | D:5      | Reached XP level 8. HP: 64/64 MP: 7/7
  3830 | D:5      | Quit the game

Illustrated notes

Levels and vault maps discovered:
D:1:      tarquinn_simple_flora_water_d, layout_loops_ring, serial_glass,
          glass_columns_c, glass_columns_c, minmay_misc_feat_pillars
D:2:      layout_basic, uniq_robin
D:3:      layout_rooms, hellmonk_ecumenical_altar_inner_sanctum,
          gammafunk_ghost_mausoleum, uniq_crazy_yiuf_cottage, uniq_ijyb
D:4:      layout_rooms
D:5:      layout_basic

Skill      XL: |  1  2  3  4  5  6  7 |
---------------+----------------------+-----
Polearms       | 4 5 6 7 8 10 | 10.0
Ranged Weapons | 1 3 4 5 |  5.7
Fighting       | |  3.6
Armour         | |  2.4
Dodging        | |  2.1

Action                     |  1- 3 |  4- 6 |  7- 9 || total
---------------------------+-------+-------+-------++-------
  Melee: Spear             |    72 |   106 |    94 ||   272
         Headbutt          |     7 |    11 |    10 ||    28
         Punch             |     1 |     1 |     2 ||     4
         Unarmed           |       |    13 |       ||    13
   Fire: Sling             |       |    49 |    27 ||    76
 Invoke: Berserk           |     1 |     5 |     3 ||     9
         Trog's Hand       |       |       |     3 ||     3
   Stab: Sleeping          |     1 |       |       ||     1
 Armour: Animal skin       |     3 |       |       ||     3
         Leather armour    |     6 |    19 |    16 ||    41
         Skin              |       |     3 |       ||     3
  Dodge: Dodged            |    31 |    41 |    38 ||   110
  Block: Other             |       |       |     7 ||     7

Table legend: (Time is in decaauts)
 A = Elapsed time spent in this place.
 B = Non-inter-level travel time spent in this place.
 C = Inter-level travel time spent in this place.
 D = Time resting spent in this place.
 E = Time spent auto-exploring this place.
 F = Levels seen in this place.
 G = Mean time per level.
                   A        B        C        D        E       F      G
               +--------+--------+--------+--------+--------+-----+--------+
         Total |   3829 |   3768 |     61 |   1488 |   1660 |   5 |  765.8 |
       Dungeon |   3829 |   3768 |     61 |   1488 |   1660 |   5 |  765.8 |
               +--------+--------+--------+--------+--------+-----+--------+

Top non-repeatable levels by time:
     D:3: 1161 daAuts
     D:2: 814 daAuts
     D:4: 669 daAuts
     D:1: 606 daAuts
     D:5: 577 daAuts
